 Dungeon Crawl Stone Soup version 0.17.1-3-g152610e (webtiles) character file.

16927 juanjsm the Blocker (level 12, -4/75 HPs)
             Began as a Gargoyle Fighter on Mar 9, 2016.
             Was a High Priest of Makhleb.
             Slain by a five-headed hydra (5 damage)
             ... on level 11 of the Dungeon on Mar 10, 2016.
             The game lasted 02:55:05 (15297 turns).

juanjsm the Blocker (Gargoyle Fighter)             Turns: 15297, Time: 02:55:07

Health: -4/75      AC: 19    Str: 29    XL:     12   Next: 42%
Magic:  15/15      EV: 12    Int: 10    God:    Makhleb [*****.]
Gold:   346        SH: 13    Dex:  9    Spells: 6 memorised, 3 levels left

rFire  + . .     SeeInvis .     J - -3 flail (curse)
rCold  x . .     Clarity  .     K - +0 scale mail of Vanity {+Blink Regen+}
rNeg   + . .     SustAt   .     c - +0 shield
rPois  ∞         Gourm    .     (no helmet)
rElec  +         Spirit   .     (no cloak)
rCorr  .         Warding  .     H - +1 pair of gloves
rMut   +         Stasis   .     (no boots)
MR     .....                    C - amulet of resist mutation
Stlth  +.........               (no ring)
                                B - ring of fire

@: mighty, not resistant to hostile enchantments, very unstealthy
A: negative energy resistance 1, electricity resistance, unbreathing,
petrification resistance, rot immunity, AC +8
a: Minor Destruction, Lesser Servant of Makhleb, Major Destruction, Greater
Servant of Makhleb, Renounce Religion, Evoke Blink


You were on level 11 of the Dungeon.
You worshipped Makhleb.
Makhleb was extremely pleased with you.
You were full.

You visited 3 branches of the dungeon, and saw 13 of its levels.
You also visited: Labyrinth.

You collected 556 gold pieces.
You spent 210 gold pieces at shops.

Inventory:

Hand Weapons
 a - a +1 long sword
 x - a +4 trident
 E - the +9 flail "Dragonbane" {freeze, +Fly, unknown}
   (You found it in a labyrinth)

   It has been specially enchanted to freeze those struck by it, causing extra
   injury to most foes and up to half again as much damage against particularly
   susceptible opponents.
   It can also slow down cold-blooded creatures.
   It lets you fly.
 J - a cursed -3 flail (weapon)
 O - a +2 double sword of slicing
 R - a +5 shortbow of evasion
Missiles
 v - 170 arrows (quivered)
 N - 13 arrows of frost
 Q - 13 poisoned arrows
 T - 17 arrows of flame
Armour
 c - a +0 shield (worn)
 e - a +1 helmet of intelligence
 i - a +0 plate armour
 o - a +1 hat of see invisible
 H - a +1 pair of gloves (worn)
 K - the +0 scale mail of Vanity (worn) {+Blink Regen+}
   (You bought it in a shop on level 5 of the Dungeon)

   It lets you blink.
   It increases your rate of regeneration.
Magical Staves
 U - an uncursed staff of cold
Rods
 X - a +0 rod of clouds (9/9)
   (You found it in a labyrinth)
Jewellery
 B - a ring of fire (left hand)
 C - an amulet of resist mutation (around neck)
Wands
 d - a wand of paralysis (14)
 n - a wand of digging (9)
 s - a wand of fireball (8)
 t - a wand of flame (29)
 F - a wand of digging (7)
 Y - a wand of frost (26)
 Z - a wand of slowing (24)
Scrolls
 b - 2 scrolls of teleportation
 g - 2 scrolls of enchant armour
 G - a scroll of magic mapping
 I - a scroll of fear
 M - a scroll of blinking
 S - a scroll of recharging {unknown}
 W - a scroll of summoning {unknown}
Potions
 l - a potion of invisibility
 m - 4 potions of ambrosia
 p - a potion of cure mutation
 q - a potion of resistance
 D - 4 potions of brilliance
 P - a potion of flight
 V - a potion of magic {unknown}
Books
 h - a book of Party Tricks

   Spells                             Type                      Level
   a - Summon Butterflies             Summoning                    1
   b - Apportation                    Translocation                1
   c - Tukima's Dance                 Hexes                        3
   d - Alistair's Intoxication        Transmutation/Poison         4
   e - Invisibility                   Hexes                        6
 j - a book of the Dragon

   Spells                             Type                      Level
   a - Flame Tongue                   Conjuration/Fire             1
   b - Cause Fear                     Hexes                        4
   c - Bolt of Fire                   Conjuration/Fire             6
   d - Dragon Form                    Transmutation                7
   e - Dragon's Call                  Summoning                    9
 w - a book of Summonings

   Spells                             Type                      Level
   a - Recall                         Summoning/Translocation      3
   b - Aura of Abjuration             Summoning                    5
   c - Shadow Creatures               Summoning                    5
   d - Summon Demon                   Summoning                    5
   e - Summon Forest                  Summoning/Translocation      5
   f - Summon Mana Viper              Hexes/Summoning              5
 y - a book of Changes

   Spells                             Type                      Level
   a - Beastly Appendage              Transmutation                1
   b - Sticks to Snakes               Transmutation                2
   c - Spider Form                    Transmutation/Poison         3
   d - Ice Form                       Ice/Transmutation            4
   e - Blade Hands                    Transmutation                5
 A - a book of Death

   Spells                             Type                      Level
   a - Corpse Rot                     Necromancy                   2
   b - Sublimation of Blood           Necromancy                   2
   c - Agony                          Necromancy                   5
   d - Dispel Undead                  Necromancy                   5
   e - Excruciating Wounds            Charms/Necromancy            5
   f - Bolt of Draining               Conjuration/Necromancy       5
 L - a book of Geomancy

   Spells                             Type                      Level
   a - Sandblast                      Earth                        1
   b - Stoneskin                      Transmutation/Earth          2
   c - Passwall                       Transmutation/Earth          3
   d - Stone Arrow                    Conjuration/Earth            3
   e - Petrify                        Transmutation/Earth          4
   f - Lee's Rapid Deconstruction     Earth                        5
Comestibles
 u - 11 chunks of flesh
 z - 7 royal jellies


   Skills:
 + Level 8.8 Fighting
   Level 2.0(5.2) Short Blades
 + Level 7.7(7.9) Long Blades
 - Level 2.1 Maces & Flails
 - Level 2.0 Polearms
 - Level 3.3 Throwing
 + Level 9.0 Armour
 + Level 6.9 Dodging
 + Level 4.6 Stealth
 + Level 11.7 Shields
 - Level 2.1 Unarmed Combat
 + Level 2.0 Spellcasting
 + Level 0.2 Fire Magic
 + Level 2.9 Invocations
 + Level 2.1 Evocations


You had 3 spell levels left.
You knew the following spells:

 Your Spells              Type           Power        Failure   Level  Hunger
a - Cause Fear            Hex            #.........   100%        4    #####..
b - Flame Tongue          Conj/Fire      #....        85%         1    ##.....
c - Beastly Appendage     Trmt           #.....       85%         1    ##.....
d - Sandblast             Erth           #.....       85%         1    ##.....
e - Stoneskin             Trmt/Erth      #.......     96%         2    ###....
f - Passwall              Trmt/Erth      #.........   100%        3    ####...


Dungeon Overview and Level Annotations

Branches:
Dungeon (11/15)            Temple (1/1) D:4            Lair (0/8) D:11
    Orc (1/4) D:10

Altars:
Ashenzari
Cheibriados
Dithmenos
Elyvilon
Fedhas
Gozag
Kikubaaqudgha
Makhleb
Nemelex Xobeh
Okawaru
Qazlal
Ru
Sif Muna
Trog
Vehumet
Xom
Yredelemnul
Zin
The Shining One
Beogh
Lugonu

Shops:
D:5 [

Annotations:
D:3 bollicks1999's ghost, amateur MiFi


Innate Abilities, Weirdness & Mutations

You are resistant to torment.
Your stone body is resilient (AC +8).
You are immune to poison.
You resist negative energy.
You are resistant to electric shocks.
You can survive without breathing.
You are immune to petrification.
You are immune to rotting.


Message History

The five-headed hydra closely misses you.
The five-headed hydra bites you!
* * * LOW HITPOINT WARNING * * *
The five-headed hydra bites you but does no damage.
You sock the five-headed hydra!
The five-headed hydra is heavily wounded.
The five-headed hydra closely misses you.
The five-headed hydra bites you!
* * * LOW HITPOINT WARNING * * *
You block the five-headed hydra's attack. x2
The five-headed hydra bites you.
* * * LOW HITPOINT WARNING * * *
The five-headed hydra bites you.
* * * LOW HITPOINT WARNING * * *
The five-headed hydra bites you.
* * * LOW HITPOINT WARNING * * *
The five-headed hydra bites you.
* * * LOW HITPOINT WARNING * * *
The five-headed hydra bites you.
You die...

......P...##..####.####...##.
...>...............#......#..
........P.......<...#......'..
..........#)).......#......#..
........##)|.......#......#..
#.....####.........#......#..
######...##..###.####.###..#####
#..###...##..###D####.###..#####
#.............+@...#....)...#..#
#.........<...#....#........#..#
##............#....#.......##..#
###............#....#.......###'#
...............#....#...........#
.##..#########.##..###..######..#
.##..##...########'###..##..#####
.....∩#.............#....#..##
.##...#.>...........#....'...#


You could see a five-headed hydra.

Vanquished Creatures
  Gastronok (D:10)
  A minotaur (Lab)
  The ghost of kraktruk the Thaumaturge, a novice DsCj of Vehumet (D:9)
  Pikel (D:8)
  A hill giant (D:10)
  An ugly thing (D:8)
  Joseph (D:8)
  An elephant (D:11)
  A gargoyle (D:10)
  A queen bee (D:8)
  The ghost of bollicks1999 the Shield-Bearer, an amateur MiFi (D:4)
  2 minotaur zombies (Lab)
  Grinder (D:4)
  A troll (D:11)
  Sigmund (D:5)
  6 yaks
  A wyvern (D:9)
  A hungry ghost (D:7)
  2 hippogriffs
  3 water moccasins
  2 black bears
  4 ice beasts
  4 phantoms
  A necrophage (D:10)
  8 orc warriors
  8 centaurs
  2 sky beasts (D:9)
  3 ogres
  2 crocodiles (D:11)
  2 big kobolds
  4 giant frogs
  A water moccasin zombie (D:5)
  4 scorpions
  22 killer bees
  7 wights
  12 orc priests
  A quasit (D:11)
  2 giant frog zombies
  3 centaur zombies
  4 crimson imps
  A jelly (D:9)
  A centaur skeleton (D:11)
  4 giant frog skeletons
  7 hounds
  A gnoll shaman (D:6)
  10 worker ants
  11 orc wizards
  A sheep (D:11)
  A worker ant zombie (D:7)
  Robin (D:3)
  22 adders
  15 gnolls
  5 shadow imps
  An adder zombie (D:10)
  A worm (D:3)
  8 giant geckos
  54 orcs
  8 ball pythons
  10 bats
  16 hobgoblins
  9 quokkas
  2 giant gecko skeletons
  10 giant newts
  18 goblins
  A goblin zombie (D:5)
  18 jackals
  A jackal skeleton (D:5)
  A jackal zombie (D:7)
  22 kobolds
  A quokka skeleton (D:4)
  9 rats
  A rat zombie (D:5)
  A spectral orc (D:9)
397 creatures vanquished.

Vanquished Creatures (others)
  4 slaves (D:8)
  A scorpion (D:9)
  2 killer bees (D:8)
  2 orc wizards
  5 sheep (D:7)
  An orc (D:8)
15 creatures vanquished.

Grand Total: 412 creatures vanquished

Notes
Turn   | Place    | Note
--------------------------------------------------------------
     0 | D:1      | juanjsm the Gargoyle Fighter began the quest for the Orb.
     0 | D:1      | Reached XP level 1. HP: 14/14 MP: 1/1
     0 | D:1      | Noticed an elf
     1 | D:1      | Noticed a vampire
     3 | D:1      | Noticed a centaur zombie
     5 | D:1      | Noticed an octopode
     6 | D:1      | Noticed a vampire
    12 | D:1      | Noticed a minotaur zombie
    13 | D:1      | Noticed a draconian zombie
    16 | D:1      | Noticed an octopode zombie
    16 | D:1      | Noticed a formicid
    18 | D:1      | Noticed a naga
    20 | D:1      | Noticed a vine stalker
    92 | D:1      | Reached XP level 2. HP: 12/19 MP: 2/2
   452 | D:1      | Reached XP level 3. HP: 21/23 MP: 3/3
   458 | D:1      | Reached skill level 1 in Dodging
   538 | D:1      | Reached skill level 4 in Shields
  1108 | D:2      | Reached XP level 4. HP: 28/28 MP: 4/4
  1484 | D:2      | Reached XP level 5. HP: 29/32 MP: 5/5
  1770 | D:3      | Noticed bollicks1999's ghost (amateur MiFi)
  1842 | D:3      | Noticed Robin
  1928 | D:3      | Killed Robin
  2261 | D:3      | Reached XP level 6. HP: 20/38 MP: 6/6
  2287 | D:3      | Found a sparkling altar of Nemelex Xobeh.
  2673 | D:3      | Reached skill level 5 in Shields
  2804 | D:3      | Found a burning altar of Makhleb.
  2808 | D:3      | Became a worshipper of Makhleb the Destroyer
  3000 | D:4      | Noticed Grinder
  3027 | D:4      | Killed Grinder
  3027 | D:4      | Reached skill level 1 in Stealth
  3027 | D:4      | Reached XP level 7. HP: 13/43 MP: 7/7
  3315 | D:4      | Reached skill level 5 in Armour
  3356 | D:4      | Found a sacrificial altar of Ru.
  3697 | D:4      | Found a staircase to the Ecumenical Temple.
  4077 | D:4      | Reached * piety under Makhleb
  4095 | D:4      | Reached skill level 6 in Shields
  4095 | D:4      | Reached XP level 8. HP: 33/48 MP: 8/8
  4125 | Temple   | Entered the Ecumenical Temple
  4285 | D:5      | Entered Level 5 of the Dungeon
  4577 | D:5      | Found an opulent altar of Gozag.
  4931 | D:5      | Found a shattered altar of Ashenzari.
  4998 | D:5      | Reached skill level 5 in Fighting
  5023 | D:5      | Found a radiant altar of Vehumet.
  5168 | D:5      | Noticed Sigmund
  5227 | D:5      | Killed Sigmund
  5304 | D:5      | Reached ** piety under Makhleb
  5413 | D:5      | Found Guthrum's Armour Boutique.
  5421 | D:5      | Bought the cursed +0 scale mail of Vanity {+Blink Regen+} for 210 gold pieces
  5575 | D:5      | Reached skill level 5 in Long Blades
  5575 | D:5      | Reached skill level 7 in Armour
  5575 | D:5      | Reached skill level 8 in Shields
  5575 | D:5      | Reached skill level 1 in Spellcasting
  5575 | D:5      | Reached XP level 9. HP: 52/56 MP: 8/11
  6066 | D:6      | Reached skill level 5 in Dodging
  6237 | D:6      | Reached XP level 10. HP: 61/61 MP: 12/12
  7337 | D:6      | Reached *** piety under Makhleb
  8052 | D:7      | Found a stormy altar of Qazlal.
  8219 | D:7      | Found a snail-covered altar of Cheibriados.
  8437 | D:7      | Found a sparkling altar of Nemelex Xobeh.
  8502 | D:7      | Found a shimmering altar of Xom.
  8606 | D:8      | Noticed Pikel
  8655 | D:8      | Killed Pikel
  8724 | D:8      | Noticed Joseph
  8759 | D:8      | Killed Joseph
  8759 | D:8      | Reached skill level 9 in Shields
  9109 | D:8      | Reached **** piety under Makhleb
  9436 | D:8      | Reached XP level 11. HP: 17/67 MP: 13/13
  9643 | D:8      | Noticed a cyan ugly thing
  9667 | D:8      | Killed a cyan ugly thing
  9829 | D:8      | Learned a level 4 spell: Cause Fear
 10182 | D:9      | Found a basalt altar of Yredelemnul.
 10218 | D:9      | Reached skill level 10 in Shields
 10367 | D:9      | Found a shattered altar of Ashenzari.
 10512 | D:9      | Noticed kraktruk's ghost (novice DsCj)
 10515 | D:9      | Reached ***** piety under Makhleb
 10731 | D:9      | Learned a level 1 spell: Flame Tongue
 10794 | D:9      | Found a deep blue altar of Sif Muna.
 10978 | D:9      | Killed kraktruk's ghost
 11248 | D:10     | Entered Level 10 of the Dungeon
 11301 | D:10     | Learned a level 1 spell: Beastly Appendage
 11443 | D:10     | Found a sacrificial altar of Ru.
 11464 | D:10     | Noticed a hill giant
 11604 | D:10     | Noticed a hill giant
 11616 | D:10     | Killed a hill giant
 11675 | D:10     | Noticed Gastronok
 11749 | D:10     | Learned a level 1 spell: Sandblast
 11752 | D:10     | Learned a level 2 spell: Stoneskin
 12201 | D:10     | Noticed an Executioner
 12316 | D:10     | Found a roughly hewn altar of Beogh.
 12316 | D:10     | Found a staircase to the Orcish Mines.
 12457 | Orc:1    | Entered Level 1 of the Orcish Mines
 12664 | D:4      | Killed bollicks1999's ghost
 13666 | D:10     | Killed Gastronok
 13666 | D:10     | Reached skill level 11 in Shields
 13666 | D:10     | Reached XP level 12. HP: 41/75 MP: 15/15
 14047 | D:11     | Found a labyrinth entrance.
 14052 | Lab      | Entered a labyrinth
 14536 | Lab      | Noticed a minotaur
 14548 | Lab      | Killed a minotaur
 14638 | Lab      | Learned a level 3 spell: Passwall
 14638 | Lab      | Got an ichor-stained flail
 15117 | D:11     | Found a staircase to the Lair.
 15273 | D:11     | Noticed a five-headed hydra
 15297 | D:11     | HP: 3/75 [five-headed hydra (2)]
 15297 | D:11     | HP: 1/75 [five-headed hydra (2)]
 15297 | D:11     | Slain by a five-headed hydra

Action                   |  1- 3 |  4- 6 |  7- 9 | 10-12 || total
-------------------------+-------+-------+-------+-------++-------
Melee: Long sword        |   217 |   302 |   500 |  1525 ||  2544
       Flail             |       |       |       |   322 ||   322
Invok: Minor Destruction |       |       |     2 |     4 ||     6
       Major Destruction |       |       |       |     3 ||     3
       Greater Servant o |       |       |       |     1 ||     1
 Abil: Evoke Blink       |       |       |       |     2 ||     2
Evoke: Wand              |       |       |       |     4 ||     4
  Use: Potion            |       |     1 |     5 |    21 ||    27
       Scroll            |       |       |     6 |    13 ||    19
  Eat: Chunk             |     1 |     7 |     7 |     7 ||    22
       Meat ration       |       |       |     1 |     2 ||     3
       Bread ration      |       |       |       |     7 ||     7
       Pizza             |       |       |       |     4 ||     4
       Beef jerky        |       |       |       |     1 ||     1
